 Dungeon Crawl Stone Soup version 0.28.0-43-g3370ac3207 (webtiles) character file.

Game seed: 12271029940363651231

1604 Peloso the Carver (level 8, -2/69 HPs)
             Began as a Minotaur Fighter on Mar 27, 2022.
             Was an Initiate of Okawaru.
             Slain by Duvessa
             ... wielding a +2 vorpal long sword
              (13 damage)
             ... on level 5 of the Dungeon.
             The game lasted 00:08:07 (5846 turns).

Peloso the Carver (Minotaur Fighter)                Turns: 5846, Time: 00:08:08

Health: -2/69      AC:  8    Str: 22    XL:     8   Next: 63%
Magic:  7/7        EV:  9    Int:  5    God:    Okawaru [......]
Gold:   226        SH:  9    Dex: 11    Spells: 7/7 levels left

rFire   . . .      SeeInvis .   a - +0 long sword
rCold   . . .      Faith    .   c - +0 kite shield
rNeg    . . .      Spirit   .   b - +0 scale mail
rPois   .          Reflect  .   (helmet restricted)
rElec   .          Harm     .   (no cloak)
rCorr   .          Rampage  .   (no gloves)
Will    .....                   (no boots)
Stlth   ..........              (no amulet)
HPRegen 0.21/turn               (no ring)
MPRegen 0.10/turn               (no ring)

@: no status effects
A: horns 2, retaliatory headbutt
a: Renounce Religion


You were on level 5 of the Dungeon.
You worshipped Okawaru.
Okawaru was noncommittal.
You visited 2 branches of the dungeon, and saw 7 of its levels.

You collected 226 gold pieces.

Inventory:

Hand Weapons
 a - a +0 long sword (weapon)
Missiles
 s - 2 throwing nets (quivered)
Armour
 b - a +0 scale mail (worn)
 c - a +0 kite shield (worn)
Wands
 t - a wand of polymorph (2)
Scrolls
 f - a scroll of fear {unknown}
 h - 2 scrolls of immolation {unknown}
 j - 4 scrolls of identify {unknown}
 m - 2 scrolls of magic mapping {unknown}
 n - 2 scrolls of noise {unknown}
 o - a scroll of brand weapon {unknown}
 p - a scroll of vulnerability {unknown}
 q - 2 scrolls of teleportation {unknown}
 r - a scroll of enchant weapon {unknown}
Potions
 d - a potion of might
 e - a potion of berserk rage {unknown}
 g - 2 potions of curing {unknown}
 i - a potion of brilliance {unknown}
 k - a potion of invisibility {unknown}
 l - a potion of heal wounds {unknown}
 u - 2 potions of mutation {unknown}


   Skills:
 + Level 5.6 Fighting
 + Level 8.0 Long Blades
 + Level 7.7 Armour
 + Level 3.6 Dodging
 + Level 1.1 Stealth
 + Level 5.8 Shields
 + Level 1.4 Unarmed Combat


You had 7 spell levels left.
You didn't know any spells.
Your spell library contained the following spells:

 Spells                   Type           Power      Damage    Failure   Level
 Slow                     Hex            0%         N/A       98%         1
 Confusing Touch          Hex            0%         N/A       100%        3
 Vampiric Draining        Necr           0%         2d6       100%        3


Dungeon Overview and Level Annotations

Branches:
Dungeon (6/15)             Temple (1/1) D:5

Altars:
Cheibriados
Elyvilon
Fedhas
Okawaru
Ru
Sif Muna
Trog
Yredelemnul

Shops:
D:3 :

Annotations:
D:5 3 runed translucent doors, DoubleLucky's ghost, amateur DrFE; Duvessa


Innate Abilities, Weirdness & Mutations

You have a pair of horns on your head.
You reflexively headbutt those who attack you in melee.


Message History

You block the orc wizard's attack.
You slash the orc wizard!
You kill the orc wizard!
Okawaru accepts your kill.
Things that are here:
a +0 dagger; a +0 robe; an orc corpse An ogre is nearby!
You hit the ogre but do no damage. You headbutt the ogre!
The ogre is heavily wounded.
The ogre barely misses you.
You slash the ogre!
The ogre is severely wounded.
The ogre hits you with a +0 giant club!
You slash the ogre!
You kill the ogre!
Okawaru accepts your kill.
Your Long Blades skill increases to level 8!
You see here a +0 giant club.
Duvessa is nearby!
Duvessa is nearby!
Duvessa shouts!
Duvessa goes berserk!
You block Duvessa's attack.
Duvessa hits you with a +2 vorpal long sword!!
You hit Duvessa.
Duvessa is lightly wounded.
You block Duvessa's attack.
Duvessa hits you with a +2 vorpal long sword!
You hit Duvessa but do no damage.
Duvessa is lightly wounded.
Duvessa hits you with a +2 vorpal long sword!
* * * LOW HITPOINT WARNING * * *
x2 You hit Duvessa.
Duvessa is lightly wounded.
You block Duvessa's attack. x2
You hit Duvessa but do no damage. Your headbutt misses Duvessa.
Duvessa is lightly wounded.
Duvessa barely misses you.
Duvessa hits you with a +2 vorpal long sword!
You die...

..###...#e.##.......###
#.......##..#........##
......#..........#....#
....###....#.....##..##
.....# #..#####.....##
.....## #...#........##
......###.............#
.......##.......e.##..###
........).......@..#....##
.........................#
.........................#
................)##......#
............##...####....#
.....##...#....... ###.##
<.........#.....#.. ###
.###......#.....#...
..........#..... ...#


You could see Duvessa (berserk).

Vanquished Creatures
  Grinder (D:5)
  Edmund (D:6)
  2 ice beasts (D:5)
  2 ogres
  A centaur (D:4)
  2 phantoms
  A kobold brigand (D:4)
  A scorpion (D:4)
  Dowan (D:5)
  A water moccasin skeleton (D:5)
  2 jellies
  2 hounds (D:5)
  Jessica (D:3)
  2 iguanas (D:5)
  2 scorpion zombies (D:5)
  An orc wizard (D:5)
  9 adders
  8 gnolls
  An adder skeleton (D:4)
  3 worms (D:3)
  A dart slug (D:4)
  5 orcs
  3 endoplasms
  3 giant cockroaches
  4 goblins
  5 hobgoblins
  2 quokkas
  4 ball pythons
  8 bats
  3 frilled lizards
  17 kobolds
  5 rats
104 creatures vanquished.

Vanquished Creatures (others)
  19 plants
19 creatures vanquished.

Grand Total: 123 creatures vanquished

Notes
Turn   | Place    | Note
-------+----------+-------------------------------------------
     0 | D:1      | Peloso the Minotaur Fighter began the quest for the Orb.
     0 | D:1      | Reached XP level 1. HP: 19/19 MP: 0/0
   503 | D:1      | Reached XP level 2. HP: 27/27 MP: 1/1
   659 | D:1      | Found a faded altar of an unknown god.
  1199 | D:2      | Reached XP level 3. HP: 28/33 MP: 2/2
  1202 | D:2      | You fall into a shaft and drop 2 floors!
  1252 | D:4      | Reached skill level 3 in Long Blades
  1550 | D:3      | Found Luxucax's Book Emporium.
  1651 | D:3      | Noticed Jessica
  1651 | D:3      | Noticed a phantom
  1672 | D:3      | Reached XP level 4. HP: 32/40 MP: 3/3
  1677 | D:3      | Killed a phantom
  1678 | D:3      | Reached skill level 4 in Long Blades
  1678 | D:3      | Reached XP level 5. HP: 29/46 MP: 4/4
  1679 | D:3      | Killed Jessica
  1680 | D:3      | Reached skill level 1 in Dodging
  2388 | D:3      | Found a bloodstained altar of Trog.
  2623 | D:2      | Reached skill level 5 in Armour
  3000 | D:4      | Reached skill level 5 in Long Blades
  3209 | D:4      | Reached XP level 6. HP: 31/53 MP: 5/5
  3668 | D:4      | Reached skill level 1 in Stealth
  3868 | D:5      | Entered Level 5 of the Dungeon
  3868 | D:5      | Found a runed translucent gate.
  3939 | D:5      | Noticed Grinder
  4064 | D:4      | Reached XP level 7. HP: 58/60 MP: 6/6
  4183 | D:4      | HP: 2/60 [gnoll/+0 flail (10)]
  4569 | D:5      | Paralysed by Grinder for 2 turns
  4571 | D:5      | Noticed Edmund
  4588 | D:6      | Killed Edmund
  4589 | D:6      | Reached skill level 5 in Fighting
  4589 | D:6      | Reached skill level 6 in Long Blades
  4589 | D:6      | Reached skill level 5 in Shields
  5032 | D:5      | Killed Grinder
  5033 | D:5      | Reached skill level 7 in Long Blades
  5033 | D:5      | Reached XP level 8. HP: 44/68 MP: 7/7
  5073 | D:5      | Noticed Duvessa
  5075 | D:5      | Found a runed translucent gate.
  5076 | D:5      | Found a runed translucent gate.
  5079 | D:5      | Identified the +9 plate armour "Yprewnua" {rElec rC-
                  | Regen+}
  5079 | D:5      | Noticed DoubleLucky's ghost (amateur DrFE)
  5369 | D:5      | Found a staircase to the Ecumenical Temple.
  5382 | Temple   | Entered the Ecumenical Temple
  5435 | Temple   | Became a worshipper of Warmaster Okawaru
  5648 | D:5      | Noticed Dowan
  5668 | D:5      | Reached skill level 1 in Unarmed Combat
  5669 | D:5      | Killed Dowan
  5806 | D:5      | Reached skill level 8 in Long Blades
  5846 | D:5      | Slain by Duvessa

Illustrated notes

Levels and vault maps discovered:
D:1:      dpeg_arrival_three_smaller_balls, layout_basic,
          hellmonk_ecumenical_altar_slurped_away, serial_bayou_pond_a,
          minmay_tree_intersection, chequers_serial_rivers_small_3
D:2:      layout_rooms
D:3:      layout_basic, lemuel_crystal_altar, serial_shops, shop_statue,
          uniq_jessica
D:4:      layout_gridville
D:5:      layout_cave_pools, minmay_temple_entry_glassed_door,
          biasface_ghost_orc_armoury, hangedman_decor_growths,
          chequers_arboretum, lexackson_kobold_supper, uniq_edmund,
          uniq_duvessa, uniq_grinder
D:6:      layout_basic, serial_shops, shop
Temple:   mainiacjoe_temple_hex_bubbles

Skill      XL: |  1  2  3  4  5  6  7  8 |
---------------+-------------------------+-----
Armour         | 4 5 6 7 |  7.7
Shields        | 4 5 |  5.8
Fighting       | 4 5 |  5.6
Long Blades    | 3 4 5 7 8 |  8.0
Dodging        | 1 2 3 |  3.6
Stealth        | 1 |  1.1
Unarmed Combat | 1 |  1.4

Action                   |  1- 3 |  4- 6 |  7- 9 || total
-------------------------+-------+-------+-------++-------
Melee: Long sword        |    63 |   108 |   126 ||   297
       Headbutt          |     6 |    21 |    21 ||    48
       Unarmed           |       |       |    11 ||    11
Armor: Scale mail        |    50 |    51 |    42 ||   143
       Skin              |       |       |     4 ||     4
Dodge: Dodged            |    41 |    65 |    60 ||   166
Block: Buckler           |    17 |    14 |       ||    31
       Kite shield       |       |    36 |    78 ||   114
